 Dungeon Crawl Stone Soup version 0.27-a0-1525-g1038ab4 (webtiles) character file.

Game seed: 4829309968444097309

1174 Think the Cutter (level 8, -8/54 HPs)
             Began as an Octopode Fighter on July 10, 2021.
             Was a Believer of Zin.
             Mangled by Duvessa (10 damage)
             ... on level 5 of the Dungeon.
             The game lasted 00:12:10 (5268 turns).

Think the Cutter (Octopode Fighter)                 Turns: 5268, Time: 00:12:11

Health: -8/54      AC:  1    Str: 15    XL:     8   Next: 41%
Magic:  0/8        EV: 11    Int: 13    God:    Zin [**....]
Gold:   207        SH:  9    Dex: 11    Spells: 5/7 levels left

rFire    . . .     SeeInvis .   y - +2 short sword (freeze)
rCold    . . .     Faith    .   b - +0 kite shield
rNeg     . . .     Spirit   +   (helmet restricted)
rPois    .         Reflect  .   j - amulet of guardian spirit
rElec    .         Harm     .   (no ring)
rCorr    .         Rampage  .   (no ring)
Will     .....                  (no ring)
Stlth    ++........             (no ring)
HPRegen  0.18/turn              (no ring)
MPRegen  0.11/turn              (no ring)
                                (no ring)
                                (no ring)

@: about to teleport, on recite cooldown, flying, studying Translocations
A: almost no armour, amphibious, 8 rings, camouflage 1, gelatinous body 1,
(nimble swimmer 1), tentacles
a: Renounce Religion, Recite, Vitalisation, Donate Gold


You were on level 5 of the Dungeon.
You worshipped Zin.
Zin was pleased with you.
You visited 1 branch of the dungeon, and saw 5 of its levels.
You also visited: Sewer.

You collected 229 gold pieces.
You donated 22 gold pieces to Zin.

Inventory:

Hand Weapons
 a - a +0 rapier
 y - a +2 short sword of freezing (weapon)
Armour
 b - a +0 kite shield (worn)
Jewellery
 i - an amulet of faith
 j - an amulet of guardian spirit (around mantle)
 l - an amulet of the acrobat
 q - a +4 ring of evasion
 x - a +6 ring of intelligence
Wands
 k - a wand of iceblast (20)
 s - a wand of flame (18)
Scrolls
 d - 2 scrolls of identify
 g - 2 scrolls of teleportation
 h - a scroll of enchant armour {unknown}
 n - a scroll of fear {unknown}
 p - a scroll of acquirement {unknown}
 r - a scroll of magic mapping {unknown}
 t - 2 scrolls of noise {unknown}
 w - a scroll of amnesia {unknown}
Potions
 c - a potion of might
 e - 3 potions of curing {unknown}
 f - 2 potions of cancellation {unknown}
 m - a potion of attraction {unknown}
 o - a potion of flight
 u - a potion of ambrosia {unknown}
 v - a potion of magic {unknown}


   Skills:
 - Level 4.0 Fighting
 * Level 7.9 Short Blades
 - Level 3.0 Dodging
 - Level 1.0 Stealth
 - Level 4.0 Shields
 + Level 4.4 Translocations


You had 5 spell levels left.
You knew the following spells:

 Your Spells              Type           Power      Damage    Failure   Level
a - Blink                 Tloc           N/A        N/A       30%         2

Your spell library contained the following spells:

 Spells                   Type           Power      Damage    Failure   Level
 Sandblast                Erth           0%         2d4       77%         1
 Passwall                 Tmut/Erth      0%         N/A       88%         2
 Dazzling Flash           Conj/Hex       0%         N/A       98%         3
 Manifold Assault         Tloc           11%        N/A       99%         5
 Agony                    Necr           0%         N/A       100%        5
 Lee's Rapid Deconstruct  Erth           0%         3d5*      100%        5
 Silence                  Hex/Air        0%         N/A       100%        5
 Storm Form               Tmut/Air       0%         N/A       100%        7


Dungeon Overview and Level Annotations

Branches:
Dungeon (5/15)              Sewer (visited)
 Temple: D:4-7

Altars:
Nemelex Xobeh
Sif Muna
Uskayaw
Wu Jian
Zin

Shops:
D:3 [

Annotations:
D:5 Dowan, Duvessa


Innate Abilities, Weirdness & Mutations

You cannot wear most types of armour.
You are amphibious.
You can wear up to eight rings at the same time.
Your skin changes colour to match your surroundings (Stealth+).
Your rubbery body absorbs attacks. (AC +1, EV +1)
((You are camouflaged near water. (Stealth+)))
You have tentacles for arms and can constrict up to eight enemies at once.


Message History

Dowan gestures wildly while chanting.
Dowan blinks!
You hit Duvessa but do no damage. You squeeze Duvessa.
Duvessa is moderately wounded.
You constrict Duvessa. You block Duvessa's attack. The iguana bites you!
You hit Duvessa but do no damage. You squeeze Duvessa, but do no damage.
Duvessa is heavily wounded.
You constrict Duvessa. Duvessa hits you with a +0 short sword!
The iguana barely misses you.
You are too injured to fight recklessly!
You clear your throat and prepare to recite. "And Zin, furious at their blasphemy, held..."
You constrict Duvessa.
You hear a howl!
You hear a shout!
Duvessa hits you with a +0 short sword. The iguana bites you.
You release your grip on Duvessa. "...aloft a silver sceptre!
The legions of the damned..."
You hit Dowan. You freeze Dowan. Your grab misses Dowan.
Dowan is moderately wounded.
Dowan hits you with a +2 dagger of flaming.
Dowan burns you. Duvessa hits you with a +0 short sword!
* * * LOW HITPOINT WARNING * * *
You block the iguana's attack.
It was a potion of flight.
You feel very buoyant.
You fly up into the air. "...were castigated, and thus the way of things was maintained."
You finish reciting Anathema 24:49.
Dowan points at Duvessa and mumbles some strange words.
Duvessa seems to speed up.
Duvessa hits you with a +0 short sword!
* * * LOW HITPOINT WARNING * * *
You block the iguana's attack.
Okay, then.
Okay, then.
Okay, then.
Okay, then.
As you read the scroll labelled UNINOE UXA MUE, it crumbles to dust.
You feel strangely unstable.
It was a scroll of teleportation.
Dowan misses you. Duvessa hits you with a +0 short sword!
You die...

############# ##
#...........#...
#...>.......#...
#...........'...
#.......e...# .
#......e@...# .
#......l....# ' .
##.....##...##...
.
#########........
#.......'........
#.......#........
.
#.......#...##...
. #....)..#...#
'## .
#.......#....#
.....


You could see Duvessa (fast), Dowan and an iguana.

Vanquished Creatures
  Sigmund (D:3)
  A vampire (D:5)
  Purgy (Sewer)
  A necrophage (D:5)
  A phantom (D:5)
  A water moccasin skeleton (D:5)
  A bullfrog zombie (D:5)
  3 hounds (D:5)
  3 iguanas
  An orc wizard (D:5)
  2 hound zombies
  8 adders
  A river rat (D:4)
  A shadow imp (D:5)
  An ufetubus (D:5)
  An adder skeleton (D:4)
  A worm (D:3)
  A dart slug (D:1)
  15 orcs
  4 bats
  4 endoplasms (D:2)
  A giant cockroach (D:4)
  4 goblins
  8 hobgoblins
  6 jackals
  3 ball pythons
  10 kobolds
  2 rats
87 creatures vanquished.

Vanquished Creatures (collateral kills)
  Prince Ribbit (D:5)
  An ogre (D:5)
2 creatures vanquished.

Vanquished Creatures (others)
  A plant (D:1)
1 creature vanquished.

Grand Total: 90 creatures vanquished

Notes
Turn   | Place    | Note
-------+----------+-------------------------------------------
     0 | D:1      | Think the Octopode Fighter began the quest for the Orb.
     0 | D:1      | Reached XP level 1. HP: 16/16 MP: 1/1
   178 | D:1      | Reached XP level 2. HP: 21/21 MP: 2/2
   263 | D:1      | Reached skill level 1 in Stealth
   815 | D:2      | Reached XP level 3. HP: 20/26 MP: 3/3
  1373 | D:2      | Reached skill level 3 in Short Blades
  1449 | D:3      | Found a glowing silver altar of Zin.
  1589 | D:3      | Became a worshipper of Zin the Law-Giver
  1750 | D:3      | Noticed Sigmund
  1755 | D:3      | Killed Sigmund
  1756 | D:3      | Reached skill level 4 in Short Blades
  1756 | D:3      | Reached XP level 4. HP: 12/33 MP: 1/4
  1756 | D:3      | Reached XP level 5. HP: 13/37 MP: 1/5
  1834 | D:3      | Found Vouggoku's Armour Boutique.
  1978 | D:3      | Reached XP level 6. HP: 36/43 MP: 4/6
  1981 | D:3      | Learned a level 2 spell: Blink
  2107 | D:3      | Reached * piety under Zin
  2805 | D:4      | Reached skill level 5 in Short Blades
  2936 | D:4      | Found a glowing drain.
  2940 | D:4      | Reached skill level 1 in Translocations
  2944 | Sewer    | Entered a sewer
  3001 | Sewer    | Noticed Purgy
  3014 | Sewer    | Killed Purgy
  3259 | D:4      | Found an ornate altar of the Wu Jian Council.
  3259 | D:4      | Found a hide-covered altar of Uskayaw.
  3293 | D:4      | Reached XP level 7. HP: 37/48 MP: 5/7
  3455 | D:4      | Reached ** piety under Zin
  3747 | D:4      | Found a sparkling altar of Nemelex Xobeh.
  3776 | D:5      | Entered Level 5 of the Dungeon
  3984 | D:5      | HP: 2/48 [water moccasin skeleton (2)]
  3987 | D:5      | Reached skill level 6 in Short Blades
  4353 | D:5      | Found a shimmering blue altar of Sif Muna.
  4600 | D:5      | Noticed Prince Ribbit
  4605 | D:5      | Noticed a vampire
  4635 | D:5      | Killed a vampire
  4636 | D:5      | Reached skill level 7 in Short Blades
  4636 | D:5      | Reached XP level 8. HP: 28/54 MP: 6/8
  4642 | D:5      | Killed Prince Ribbit
  5255 | D:5      | Noticed Duvessa
  5255 | D:5      | Noticed Dowan
  5267 | D:5      | HP: 2/54 [Duvessa (10)]
  5268 | D:5      | Mangled by Duvessa

Illustrated notes

Levels and vault maps discovered:
D:1:      amcnicky_arrival_flooded_fountain, layout_rooms, serial_forest,
          infiniplex_forest_lined_corner, infiniplex_forest_clump_diagonal,
          infiniplex_forest_fountain, infiniplex_forest_corner_2,
          infiniplex_forest_clump_cross
D:2:      layout_loops_ring, minmay_misc_feat_doors
D:3:      layout_basic, zin_academy, serial_shops, shop, serial_forest,
          infiniplex_forest_straight_4, infiniplex_forest_lined_4_way,
          infiniplex_forest_lined_room_2, infiniplex_forest_straight_3,
          infiniplex_forest_zigzag_1, infiniplex_forest_lined_3, uniq_sigmund
D:4:      layout_basic, lemuel_crystal_altar, jmf_multi_god_temple,
          portal_sewer_entry_b
D:5:      layout_gridville, lemuel_doored_altar, minmay_manual_monstrance,
          uniq_prince_ribbit1, uniq_duvessa

Skill      XL: |  1  2  3  4  5  6  7  8 |
---------------+-------------------------+-----
Stealth        | 1 |  1.0
Short Blades   | 4 5 7 |  7.9
Fighting       | 4 |  4.0
Shields        | 4 |  4.0
Translocations | 2 3 4 |  4.4
Dodging        | |  3.0

Action                   |  1- 3 |  4- 6 |  7- 9 || total
-------------------------+-------+-------+-------++-------
Melee: Rapier            |    55 |    62 |    89 ||   206
       Constrict         |    12 |    18 |    22 ||    52
       Tentacles         |     7 |    14 |    29 ||    50
       Short sword       |       |       |     8 ||     8
Invok: Recite            |       |       |     4 ||     4
  Use: Potion            |     1 |       |     1 ||     2
       Scroll            |       |       |     3 ||     3
 Stab: Sleeping          |     6 |     6 |     2 ||    14
Armor: Skin              |     5 |     1 |     4 ||    10
Dodge: Dodged            |    22 |    30 |    52 ||   104
Block: Kite shield       |    26 |    26 |    33 ||    85

Table legend: (Time is in decaauts)
 A = Elapsed time spent in this place.
 B = Non-inter-level travel time spent in this place.
 C = Inter-level travel time spent in this place.
 D = Time resting spent in this place.
 E = Time spent auto-exploring this place.
 F = Levels seen in this place.
 G = Mean time per level.
                   A        B        C        D        E       F      G
               +--------+--------+--------+--------+--------+-----+--------+
         Total |   5304 |   5248 |     56 |    822 |   3736 |   6 |  884.0 |
       Dungeon |   5047 |   4991 |     56 |    822 |   3529 |   5 | 1009.4 |
         Sewer |    257 |    257 |      0 |      0 |    207 |   1 |  257.0 |
               +--------+--------+--------+--------+--------+-----+--------+

Top non-repeatable levels by time:
     D:3: 1342 daAuts
     D:4: 1185 daAuts
     D:5: 1064 daAuts
     D:2: 763 daAuts
     D:1: 691 daAuts
   Sewer: 257 daAuts
